 Dungeon Crawl Stone Soup version 0.14-a0-2124-ga163777 (webtiles) character file.

183 M4edhros the Charlatan (level 4, 0/21 HPs)
             Began as a Vine Stalker Artificer on Jan 27, 2014.
             Slain by an orc
             ... wielding a -1,+0 orcish trident
              (2 damage)
             ... on Level 4 of the Dungeon.
             The game lasted 00:03:13 (1454 turns).

M4edhros the Charlatan (Vine Stalker Artificer)     Turns: 1454, Time: 00:03:14

HP   0/21        AC  5     Str 13      XL: 4   Next: 96%
MP   0/7         EV  5     Int 13      God:
Gold 70          SH  0     Dex 15      Spells:  0 memorised,  3 levels left

rFire  . . .     SeeInvis .     a - +0 short sword
rCold  . . .     Clarity  .     g - +1 chain mail
rNeg   . . .     Conserve .     (no shield)
rPois  .         rCorr    .     (no helmet)
rElec  .         rRot     +     (no cloak)
SustAb . .       Spirit   +     (no gloves)
rMut   .         Warding  .     (no boots)
Saprov . . .     Stasis   .     (no amulet)
MR     .....                    (no ring)
                                (no ring)

@: not resistant to hostile enchantments, extremely unstealthy
A: fangs 2, deformed body, low mp 1, regeneration 1, evolution 1, magic shield,
antimagic bite, no device heal
a: no special abilities


You were on level 4 of the Dungeon.
You were very hungry.

You visited 1 branch of the dungeon, and saw 4 of its levels.

You collected 70 gold pieces.

Inventory:

Hand weapons
 a - a +0,+0 short sword (weapon)
 m - a +0,+2 sling
Missiles
 n - 37 stones (quivered)
Armour
 e - a +0 leather armour
 g - a +1 chain mail (worn)
 l - a +0 scale mail
Magical devices
 b - a wand of flame (5)
 c - a wand of enslavement (13)
 d - a wand of random effects (13)
 o - a wand of flame (17)
Comestibles
 f - 3 bread rations
 h - 2 rotting chunks of orc flesh
 i - 2 meat rations
 j - 10 sultanas
Scrolls
 k - a scroll of enchant weapon II {unknown}


   Skills:
 - Level 0.8 Fighting
 - Level 0.8 Short Blades
 - Level 1.5 Dodging
 - Level 1.2 Stealth
 + Level 5.3 Evocations


You had 3 spell levels left.
You didn't know any spells.

Dungeon Overview and Level Annotations

Branches:
Dungeon (4/16)
 Temple: D:4-7

Altars:
Elyvilon
Okawaru
Trog


Innate Abilities, Weirdness & Mutations

You have extremely sharp teeth.
Your natural rate of healing is unusually fast.
When hurt, damage is shared between your health and your magic reserves.
Your bite disrupts and absorbs the magic of your enemies.
Potions and wands cannot restore your HP.
Armour fits poorly on your strangely shaped body.
Your magical capacity is low (-10% MP).
You evolve.


Message History

An orc is nearby!
An orc is nearby!
An orc is nearby!
An orc comes into view.
The orc shouts!
You see here a blue potion.
An orc priest comes into view. It is wielding an orcish club.
The orc priest shouts!
You are feeling very hungry.
The orc barely misses you. The orc hits you but does no damage.
The orc priest invokes the aid of Beogh against you.
Something smites you!
You hit the orc. You bite the orc. You drain its power.
You feel invigorated.
The orc is moderately wounded.
The orc priest invokes the aid of Beogh against you.
Something smites you!
* * * LOW HITPOINT WARNING * * *
The orc hits you with an orcish trident.
You die...

#.#.<.#...<#
######.#.### #.#.#..
#.#.#.# #.#.#.##.#
#........#
#$######...#.##.#
#..........#.##.##.##
####.....!..@oo.o....
#.####..####.g.... #
#..# #.# #..# #..#
#..# ...# #.## #..


You could see an orc priest, 2 orcs and a goblin (wandering).

Vanquished Creatures
  An orc priest (D:3)
  2 orc wizards (D:3)
  2 adders
  5 giant geckos
  2 orcs (D:3)
  2 giant cockroaches (D:2)
  7 goblins
  6 hobgoblins
  2 jackals (D:3)
  4 training dummies (D:2)
  A ball python (D:3)
  7 bats
  4 giant newts
  4 kobolds
  3 rats
52 creatures vanquished.

Notes
Turn   | Place    | Note
--------------------------------------------------------------
     0 | D:1      | M4edhros, the Vine Stalker Artificer, began the quest for the Orb.
     0 | D:1      | Reached XP level 1. HP: 9/9 MP: 1/1
   172 | D:1      | Reached skill level 3 in Evocations
   270 | D:2      | Reached XP level 2. HP: 3/14 MP: 4/4
   487 | D:2      | Reached XP level 3. HP: 17/17 MP: 5/5
   495 | D:2      | Gained mutation: Your magical capacity is low (-10% MP). [potion of mutation]
   495 | D:2      | Gained mutation: Armour fits poorly on your strangely shaped body. [potion of mutation]
   495 | D:2      | Gained mutation: You evolve. [potion of mutation]
   535 | D:2      | Found an iron altar of Okawaru.
   554 | D:2      | Reached skill level 4 in Evocations
   662 | D:2      | Found a bloodstained altar of Trog.
   663 | D:2      | Found an iron altar of Okawaru.
   864 | D:3      | Found a white marble altar of Elyvilon.
  1008 | D:3      | Reached XP level 4. HP: 8/21 MP: 2/7
  1157 | D:3      | Reached skill level 5 in Evocations
  1454 | D:4      | Slain by an orc

Action                   |  1- 3 |  4- 6 || total
-------------------------+-------+-------++-------
Melee: Short sword       |   128 |    56 ||   184
Evoke: Wand              |     3 |    11 ||    14
  Use: Scroll            |     5 |       ||     5
       Potion            |     1 |       ||     1
 Stab: Sleeping          |     1 |       ||     1
